 Dungeon Crawl Stone Soup version 0.19.0-18-g426998a (webtiles) character file.

48 Melicamp the Chiller (level 3, 0/24 HPs)
             Began as a Vampire Ice Elementalist on Nov 11, 2016.
             Slain by a bat (1 damage)
             ... on level 1 of the Dungeon.
             The game lasted 00:18:41 (3095 turns).

Melicamp the Chiller (Vampire Ice Elementalist)     Turns: 3095, Time: 00:18:42

Health: 0/24       AC:  0    Str:  7    XL:     3   Next: 50%
Magic:  3/6        EV: 12    Int: 18    God:
Gold:   46         SH:  0    Dex: 14    Spells: 2 memorised, 3 levels left

rFire  + . .     SeeInvis +     (no weapon)
rCold  . . .     Gourm    .     (no armour)
rNeg   + + .     Faith    .     (no shield)
rPois  +         Spirit   .     (no helmet)
rElec  .         Reflect  .     (no cloak)
rCorr  .         Harm     .     (no gloves)
MR     .....                    (no boots)
Stlth  +++.......               (no amulet)
                                (no ring)
                                d - ring of fire

@: very slightly contaminated, regenerating slowly
A: fangs 3, see invisible, unbreathing
a: Bat Form


You were on level 1 of the Dungeon.
You were very thirsty.

You visited 1 branch of the dungeon, and saw 2 of its levels.

You collected 46 gold pieces.

Inventory:

Armour
 i - a +0 scale mail
Jewellery
 d - a ring of fire (left hand)
 j - an uncursed ring of wizardry {unknown}
Scrolls
 m - 3 scrolls of fog
Potions
 c - 6 potions of blood
 e - a potion of mutation {unknown}
 f - 2 potions of brilliance {unknown}
 g - a potion of curing {unknown}
 h - a potion of cancellation {unknown}
Books
 b - a book of Frost

   Spells                             Type                      Level
   a - Freeze                         Ice                          1
   b - Throw Frost                    Conjuration/Ice              2
   c - Ozocubu's Armour               Charms/Ice                   3
   d - Throw Icicle                   Conjuration/Ice              4
   e - Summon Ice Beast               Ice/Summoning                4


   Skills:
 - Level 2.1 Dodging
 - Level 3.0 Stealth
 - Level 2.0 Spellcasting
 - Level 0.6 Conjurations
 * Level 4.5 Ice Magic


You had 3 spell levels left.
You knew the following spells:

 Your Spells              Type           Power        Failure   Level  Hunger
a - Freeze                Ice            ###.         2%          1    #......
b - Throw Frost           Conj/Ice       ##....       12%         2    ###....


Dungeon Overview and Level Annotations

Branches:
Dungeon (2/15)

Altars:
Ashenzari


Innate Abilities, Weirdness & Mutations

You heal slowly.
You have razor-sharp teeth.
You have supernaturally acute eyesight. (SInv)
You can survive without breathing.


Message History

* * * LOW HITPOINT WARNING * * *
The bat closely misses you. The bat closely misses you.
The bat closely misses you. The bat hits you.
* * * LOW HITPOINT WARNING * * *
You hit the bat. Your bite misses the bat.
The bat is severely wounded.
The bat barely misses you. The bat hits you.
* * * LOW HITPOINT WARNING * * *
The bat closely misses you. The bat hits you.
* * * LOW HITPOINT WARNING * * *
The bat misses you. The bat hits you.
* * * LOW HITPOINT WARNING * * *
The bat hits you.
* * * LOW HITPOINT WARNING * * *
The bat hits you.
You die...

######.# #.#..######### #.#
######.#..# #.# ##...##.#..# ####
#.# ##.......#..######...
#.######......#.......(...#.
#......#.....###........#[..
#########.#......#.##.####.##..
#..................##.####.##..
#.######...##b@.#..##.##...##..
###.# #.....................##.
..#.#####....##..#............)..
............###..#..#####........
..#.................# ##....##.
.########(#####..#..# #...(...
.##### #.# #.....# #....###
.....# #[# #.....# #.#.## .###.#
#.# ##....# #.#.#


You could see a bat.

Vanquished Creatures
  2 adders
  A dart slug (D:1)
  A ball python (D:1)
  A giant cockroach (D:1)
  3 goblins (D:1)
  4 hobgoblins (D:1)
  2 jackals (D:1)
  5 bats
  2 frilled lizards (D:1)
  4 kobolds
  A rat (D:1)
26 creatures vanquished.

Notes
Turn   | Place    | Note
-------+----------+-------------------------------------------
     0 | D:1      | Melicamp the Vampire Ice Elementalist began the quest for the Orb.
     0 | D:1      | Reached XP level 1. HP: 13/13 MP: 3/3
   188 | D:1      | Reached XP level 2. HP: 6/19 MP: 0/5
   530 | D:1      | Reached skill level 4 in Ice Magic
   924 | D:1      | Reached XP level 3. HP: 12/24 MP: 6/6
  1518 | D:1      | Learned a level 2 spell: Throw Frost
  1934 | D:2      | Found a shattered altar of Ashenzari.
  3094 | D:1      | HP: 1/24 [bat (1)]
  3095 | D:1      | Slain by a bat

Skill      XL: |  1  2 |
---------------+-------+-----
Ice Magic      | 4 |  4.5
Dodging        | |  2.1
Stealth        | |  3.0
Spellcasting   | |  2.0
Conjurations   | |  0.6

Action                   || total
-------------------------++-------
Melee: Unarmed           ||    72
       Bite              ||     6
 Cast: Freeze            ||    24
       Throw Frost       ||    10
  Use: Scroll            ||     8
       Potion            ||     4
Armor: Robe              ||    21
       Scale mail        ||    41
Dodge: Dodged            ||    91
